AoeStats
← IamxSaVaGe7117

Arena

508089134Analyzed
2v2 RM · 11d ago on Sep 20, 2026· 26m 35s· 4 players
Game mode
Random Map
Map size
Medium (4 player)
Population
200
Speed
Normal
Resources
Standard
Victory
Conquest
Starting age
Dark Age
Ending age
Imperial Age
RankedLock teamsTeams togetherTeam positionsShared explorationLock speedFull tech treeHidden civsTurbo modeCheats
Victory
Defeat
🇩🇪 Portuguese · Germany
1002
+13
🇪🇸 Goths · Spain
924
+16
🇮🇶 Romans · Iraq
936
-15
🇺🇸 Vietnamese · United States
927
-14
IamxSaVaGe7117
10:23 Feudal Age
17:01 Castle Age
15:19 Double-Bit Axe
15:53 Gold Mining
16:59 Scale Mail Armor
17:25 Forging
17:58 Squires
19:03 Bow Saw
Eraser
10:33 Feudal Age
puto amo
2:55 Loom
3:12 Loom
11:46 Feudal Age
16:44 Castle Age
15:13 Double-Bit Axe
15:12 Horse Collar
18:44 Pikeman
20:35 Man-at-Arms
21:39 Long Swordsman
23:49 Heavy Plow
24:38 Forging
yoyo_berlin
9:55 Feudal Age
13:29 Castle Age
11:39 Double-Bit Axe
15:03 Wheelbarrow
14:15 Loom
16:43 Bow Saw
19:22 Redemption
20:38 Sanctity
Connection lost

Rejoining the realm…

Still unreachable

The connection could not be restored.

Session expired

The server has moved on; the page needs a fresh start.